 Seeded DCSS version 0.29.1-15-g9cfb28693d (webtiles) character file.

Game seed: 5852750519012672489 (custom seed)

1373 Twinkles the Trooper (level 8, -4/44 HPs)
             Began as a Vine Stalker Fighter on June 6, 2023.
             Was an Elder of Jiyva.
             Engulfed by a steam dragon's steam (7 damage)
             ... on level 6 of the Dungeon.
             The game lasted 00:09:39 (4938 turns).

Twinkles the Trooper (Vine Stalker Fighter)         Turns: 4938, Time: 00:09:40

Health: -4/44      AC:  4    Str: 22    XL:     8   Next: 66%
Magic:  0/9        EV: 10    Int:  8    God:    Jiyva [****..]
Gold:   226        SH:  4    Dex: 13    Spells: 7/7 levels left

rFire   . . .      SeeInvis .   a - +0 rapier
rCold   . . .      Faith    .   c - +0 buckler
rNeg    . . .      Spirit   +   q - +0 troll leather armour {Pargi}
rPois   .          Reflect  .   (no helmet)
rElec   .          Harm     .   (no cloak)
rCorr   +          Rampage  .   (no gloves)
Will    +....                   (no boots)
Stlth   +++.......              (no amulet)
HPRegen 3.02/turn               (no ring)
MPRegen 0.51/turn               (no ring)

@: no status effects
A: fangs 3, regeneration 1, magic shield, antimagic bite, no potion heal 2,
mutation resistance 1, engulf
a: Renounce Religion, Oozemancy, Slimify


You were on level 6 of the Dungeon.
You worshipped Jiyva.
Jiyva was greatly pleased with you.
You visited 1 branch of the dungeon, and saw 6 of its levels.
You also visited: Sewer.

You collected 226 gold pieces.

Inventory:

Hand Weapons
 a - a +0 rapier (weapon)
 w - the +9 halberd of Pionon {venom, rF+ Int+4 Dex+5}
   (You found it on level 6 of the Dungeon)

   It poisons the flesh of those it strikes.
   Int:       It affects your intelligence (+4).
   Dex:       It affects your dexterity (+5).
   rF:        It protects you from fire.
Missiles
 r - 2 poisoned darts (quivered)
Armour
 b - a +0 scale mail
 c - a +0 buckler (worn)
 q - a +0 troll leather armour (worn) {Pargi}
Wands
 o - a wand of roots (12)
 x - a wand of flame (37)
Scrolls
 e - 2 scrolls of identify {unknown}
 f - 3 scrolls of poison {unknown}
 g - a scroll of magic mapping {unknown}
 h - 3 scrolls of noise {unknown}
 i - a scroll of vulnerability {unknown}
 m - 2 scrolls of fog {unknown}
 t - a scroll of enchant weapon {unknown}
 u - a scroll of torment {unknown}
Potions
 d - 3 potions of might
 j - 2 potions of brilliance {unknown}
 k - a potion of cancellation {unknown}
 l - 3 potions of heal wounds {unknown}
 n - 7 potions of curing {unknown}
 p - a potion of berserk rage
 s - a potion of resistance {unknown}
 v - a potion of haste {unknown}
 z - 2 potions of magic {unknown}


   Skills:
 + Level 5.6 Fighting
 + Level 5.2 Short Blades
 + Level 5.1 Armour
 - Level 5.0 Stealth
 - Level 2.9 Shields


You had 7 spell levels left.
You didn't know any spells.
Your spell library contained the following spells:

 Spells                   Type           Power      Damage    Failure   Level
 Apportation              Tloc           0%         N/A       54%         1
 Necrotise                Necr           0%         1d4       54%         1
 Summon Small Mammal      Summ           0%         N/A       54%         1
 Ignite Poison            Fire/Tmut/Pois 0%         N/A       89%         3
 Mephitic Cloud           Conj/Pois/Air  0%         N/A       89%         3
 Freezing Cloud           Conj/Ice/Air   0%         6-21      100%        5


Dungeon Overview and Level Annotations

Branches:
Dungeon (6/15)              Sewer (visited)
 Temple: D:4-7

Altars:
Kikubaaqudgha
Jiyva

Shops:
D:6 (


Innate Abilities, Weirdness & Mutations

You have razor-sharp teeth.
Your natural rate of healing is unusually fast.
When hurt, damage is shared between your health and your magic reserves.
Your bite disrupts and absorbs the magic of your enemies.
Potions cannot restore your health.
You are somewhat resistant to further mutation.
Your melee attacks may engulf your foes in ooze.


Message History

The steam dragon bites you. You block the steam dragon's attack.
You hit the steam dragon.
The steam dragon is lightly wounded.
The steam dragon bites you. You block the steam dragon's attack.
You hit the steam dragon but do no damage.
Your bite misses the steam dragon.
The steam dragon is lightly wounded.
You block the steam dragon's attack. x2
You hit the steam dragon but do no damage.
Your bite misses the steam dragon.
The steam dragon is lightly wounded.
The steam dragon bites you. The steam dragon closely misses you.
You barely miss the steam dragon. Your bite misses the steam dragon.
The steam dragon is lightly wounded.
The steam dragon breathes steam at you. The ball of steam misses you.
The steam dragon bites you! The steam dragon barely misses you.
You hit the steam dragon.
The steam dragon is moderately wounded.
The steam dragon bites you! The steam dragon claws you.
* * * LOW HITPOINT WARNING * * *
You hit the steam dragon. You bite the steam dragon! You drain its power.
You feel invigorated.
The steam dragon is severely wounded.
The steam dragon breathes steam at you. The ball of steam misses you.
You closely miss the steam dragon.
The steam dragon is severely wounded.
You are engulfed in a cloud of scalding steam.
* * * LOW HITPOINT WARNING * * *
The steam dragon bites you!
* * * LOW HITPOINT WARNING * * *
The steam dragon claws you but does no damage.
The steam dragon breathes steam at you. The ball of steam hits you!
* * * LOW HITPOINT WARNING * * *
You hit the steam dragon but do no damage.
The steam dragon is severely wounded.
You are engulfed in a cloud of scalding steam.
You die...

###.# ########### #.#
#.........# ###.#####
#.........# .......>#
#.........#
###.###.###.........#
#.#...............#
#.###..#......§§..#
#.# #........D§..§#
#.# #........§@...#
#.# #..........§..#
#.# #....#.########
........# ###.#..###
###.#..## #..... ..
#####.#.##..
............#


You could see a steam dragon (catching breath).

Vanquished Creatures
  Grinder (D:6)
  A shadow (D:6)
  A black bear (D:5)
  Pargi (Sewer)
  2 ogres (D:5)
  A phantom (D:6)
  2 orc priests (D:6)
  A gnoll bouda (D:5)
  4 hounds
  Ijyb (D:3)
  Terence (D:3)
  2 orc wizards (D:6)
  Natasha (twice) (D:3)
  5 gnolls
  7 adders
  A river rat (D:4)
  A shadow imp (D:5)
  An ufetubus (D:6)
  3 worms
  2 dart slugs
  18 orcs
  5 ball pythons
  9 bats
  2 bat zombies (D:3)
  8 endoplasms
  3 giant cockroaches
  6 goblins
  3 hobgoblins
  4 kobolds
  2 quokkas
  3 frilled lizards
  8 rats
  4 rat zombies (D:3)
  A bush (D:1)
116 creatures vanquished.

Vanquished Creatures (others)
  2 jellies
  Natasha (D:3)
  Robin (D:3)
  2 gnolls (D:5)
  An adder (D:4)
  A worm (D:3)
  A ball python (D:2)
  An endoplasm (D:4)
  7 goblins (D:3)
  2 hobgoblins (D:3)
  A bat (D:3)
  A plant (D:1)
21 creatures vanquished.

Grand Total: 137 creatures vanquished

Notes
Turn   | Place    | Note
-------+----------+-------------------------------------------
     0 | D:1      | Twinkles the Vine Stalker Fighter began the quest for the
                  | Orb.
     0 | D:1      | Reached XP level 1. HP: 11/11 MP: 2/2
   333 | D:1      | Reached XP level 2. HP: 8/16 MP: 0/3
   651 | D:1      | Reached skill level 1 in Stealth
  1379 | D:2      | Reached XP level 3. HP: 18/19 MP: 4/4
  1820 | D:2      | Gained mutation: Your natural rate of healing is unusually
                  | fast. [Vine Stalker growth]
  1820 | D:2      | Reached XP level 4. HP: 24/24 MP: 5/5
  1912 | D:2      | Found a faded altar of an unknown god.
  1925 | D:2      | Prayed at the altar of an unknown god.
  1925 | D:2      | Became a worshipper of Jiyva Jajapt the Shapeless
  1925 | D:2      | Reached * piety under Jiyva
  2304 | D:3      | Noticed Terence
  2322 | D:3      | Killed Terence
  2354 | D:3      | Reached ** piety under Jiyva
  2421 | D:3      | Noticed Natasha
  2430 | D:3      | Killed Natasha
  2468 | D:3      | Reached XP level 5. HP: 24/28 MP: 6/6
  2522 | D:3      | Noticed Ijyb
  2523 | D:3      | Killed Robin
  2531 | D:3      | Killed Natasha
  2555 | D:3      | Killed Ijyb
  2678 | D:3      | Found an ancient bone altar of Kikubaaqudgha.
  2763 | D:3      | Noticed Natasha
  2775 | D:3      | Killed Natasha
  2940 | D:3      | Reached *** piety under Jiyva
  3254 | D:4      | Reached XP level 6. HP: 33/33 MP: 7/7
  3432 | D:4      | Found a glowing drain.
  3436 | Sewer    | Entered a sewer
  3472 | Sewer    | Noticed Pargi
  3497 | Sewer    | Killed Pargi
  3603 | D:4      | Gained mutation: You have hidden genetic potential.
                  | [Jiyva's grace]
  3603 | D:4      | Gained mutation: You have great hidden genetic potential.
                  | [Jiyva's grace]
  3603 | D:4      | Gained mutation: Your melee attacks may engulf your foes in
                  | ooze. [Jiyva's grace]
  3603 | D:4      | Lost mutation: You have great hidden genetic potential.
                  | [Jiyva's grace]
  3603 | D:4      | Lost mutation: You have hidden genetic potential. [Jiyva's
                  | grace]
  3603 | D:4      | Gained mutation: You are somewhat resistant to further
                  | mutation. [Jiyva's grace]
  3962 | D:5      | Entered Level 5 of the Dungeon
  3986 | D:5      | Reached **** piety under Jiyva
  4001 | D:5      | Reached XP level 7. HP: 26/38 MP: 5/8
  4624 | D:6      | Found Ziny's Antique Weapon Shop.
  4638 | D:6      | Noticed Grinder
  4648 | D:6      | Killed Grinder
  4649 | D:6      | Reached skill level 5 in Fighting
  4649 | D:6      | Gained mutation: You have razor-sharp teeth. [Vine Stalker
                  | growth]
  4649 | D:6      | Reached XP level 8. HP: 43/43 MP: 9/9
  4710 | D:6      | Identified the +9 halberd of Pionon {venom, rF+ Int+4
                  | Dex+5}
  4763 | D:6      | Reached skill level 5 in Stealth
  4850 | D:6      | Noticed a shadow
  4871 | D:6      | Killed a shadow
  4872 | D:6      | Reached skill level 5 in Short Blades
  4872 | D:6      | Reached skill level 5 in Armour
  4938 | D:6      | Engulfed by a steam dragon's steam

Illustrated notes

Levels and vault maps discovered:
D:1:      dpeg_arrival_rooms_a, layout_basic, serial_forest,
          infiniplex_forest_end_double, infiniplex_forest_end_2,
          infiniplex_forest_lined_2, infiniplex_forest_straight_4,
          infiniplex_forest_lined_room_2, infiniplex_forest_clump_small,
          infiniplex_forest_straight_5, infiniplex_forest_straight_5
D:2:      layout_loops_ring, chequers_ecumenical_altar_island,
          kennysheep_generic_room_6
D:3:      layout_basic, lemuel_zombie_altar_kikubaaqudgha, uniq_robin,
          uniq_terence, uniq_natasha, uniq_ijyb
D:4:      layout_cave_pools, gup_sewer_entry_spiral
D:5:      layout_gridville
D:6:      layout_basic, serial_shops, nicolae_shop_stone,
          minmay_manual_mandibuliform, uniq_grinder

Skill      XL: |  1  2  3  4  5  6  7  8 |
---------------+-------------------------+-----
Short Blades   | 2 3 4 5 |  5.2
Stealth        | 1 2 3 4 5 |  5.0
Fighting       | 3 4 5 |  5.6
Armour         | 3 4 5 |  5.1
Shields        | |  2.9

Action                   |  1- 3 |  4- 6 |  7- 9 || total
-------------------------+-------+-------+-------++-------
Melee: Rapier            |   231 |   278 |   123 ||   632
       Bite              |    96 |    72 |    31 ||   199
  Use: Potion            |       |       |     2 ||     2
 Stab: Sleeping          |       |     1 |     3 ||     4
Armor: Scale mail        |    25 |    81 |       ||   106
       Troll leather arm |       |    11 |    26 ||    37
Dodge: Dodged            |    32 |   102 |    51 ||   185
Block: Buckler           |    10 |    70 |    26 ||   106
